 Dungeon Crawl Stone Soup version 0.29.1-12-g30fa7ad0bf (webtiles) character file.

Game seed: 1697873095790317950

101 nshep25 the Trooper (level 4, -1/41 HPs)
             Began as a Minotaur Fighter on Jan 2, 2023.
             Slain by Grinder (6 damage)
             ... on level 3 of the Dungeon.
             The game lasted 00:03:38 (1712 turns).

nshep25 the Trooper (Minotaur Fighter)              Turns: 1712, Time: 00:03:38

Health: -1/41      AC:  7    Str: 23    XL:     4   Next: 48%
Magic:  3/3        EV: 13    Int:  5    God:
Gold:   182        SH:  4    Dex:  9    Spells: 3/3 levels left

rFire   . . .      SeeInvis .   a - +0 war axe
rCold   . . .      Faith    .   c - +0 buckler
rNeg    . . .      Spirit   .   b - +0 scale mail
rPois   .          Reflect  .   (helmet restricted)
rElec   .          Harm     .   (no cloak)
rCorr   .          Rampage  .   (no gloves)
Will    .....                   (no boots)
Stlth   ..........              g - amulet of the acrobat
HPRegen 0.13/turn               h - +4 ring of evasion
MPRegen 0.08/turn               (no ring)

@: no status effects
A: horns 2, retaliatory headbutt
a: no special abilities


You were on level 3 of the Dungeon.
You visited 1 branch of the dungeon, and saw 3 of its levels.

You collected 182 gold pieces.

Inventory:

Hand Weapons
 a - a +0 war axe (weapon)
Armour
 b - a +0 scale mail (worn)
 c - a +0 buckler (worn)
Jewellery
 g - an amulet of the acrobat (around neck)
 h - a +4 ring of evasion (left hand)
Scrolls
 e - 3 scrolls of poison {unknown}
 f - 2 scrolls of identify {unknown}
 j - a scroll of fear {unknown}
 l - 3 scrolls of immolation {unknown}
 n - a scroll of summoning {unknown}
Potions
 d - 2 potions of might
 i - a potion of flight {unknown}
 k - a potion of degeneration {unknown}
 m - a potion of lignification {unknown}
 o - a potion of heal wounds {unknown}
 p - 2 potions of curing {unknown}


   Skills:
 + Level 4.5 Fighting
 + Level 4.1 Axes
 + Level 4.3 Armour
 + Level 4.1 Shields


You had 3 spell levels left.
You didn't know any spells.
Your spell library was empty.

Dungeon Overview and Level Annotations

Branches:
Dungeon (3/15)

Altars:

Shops:
D:1 ??*

Annotations:
D:3 Grinder


Innate Abilities, Weirdness & Mutations

You have a pair of horns on your head.
You reflexively headbutt those who attack you in melee.


Message History

The dart slug closely misses you. You furiously retaliate!
You headbutt the dart slug.
You kill the dart slug!
The kobold completely misses you.
You hit the kobold. Your headbutt misses the kobold.
The kobold is severely wounded.
The kobold barely misses you.
Grinder blinks!
You slash the kobold!
You kill the kobold!
A bat comes into view.
The bat moves out of view.
Things that are here:
a +0 short sword; a kobold corpse
Found a scroll labelled BOFEIH ZEXOA.
The bat misses you. You furiously retaliate!
You headbutt the bat, but do no damage. You slash the bat!
You kill the bat!
Found a stone staircase leading down.
You see here a bat corpse.
You see here a bat corpse.
Grinder gestures at you.
You suddenly lose the ability to move!
Grinder rolls her eyes.
Grinder hits you.
You writhe in agony.
Grinder hits you.
You writhe in agony.
Grinder zaps a wand.
The puff of flame hits you.
You can move again.
You closely miss Grinder. You headbutt Grinder.
Grinder is moderately wounded.
Grinder hits you.
* * * LOW HITPOINT WARNING * * *
You writhe in agony.
* * * LOW HITPOINT WARNING * * *
Grinder barely misses you.
You closely miss Grinder.
Grinder is moderately wounded.
Grinder hits you.
* * * LOW HITPOINT WARNING * * *
You writhe in agony.
You die...

.........+....>#######.#
#.?......#.............#
###........#.............#
.........§.#.............#
≈~~.~~~~.# #...........?.#
≈≈~$~≈≈≈.###.............#
≈≈~.~≈≈~.................#
~~~.~≈≈~..# #.†.......#
....~≈≈~..# #@###....##
~~.......## ##5###+##.#
≈~)~~~~~.# #.........#
≈~.~~≈≈~.######.†.......
≈~.)§§§~......#.........
~~.~5≈~5......#.........
.....§........#.........
..................).....
#######..†.....###.##.#.


You could see Grinder.

Vanquished Creatures
  Terence (D:3)
  3 adders
  A worm (D:3)
  2 dart slugs (D:3)
  An orc (D:3)
  5 bats
  5 endoplasms
  A giant cockroach (D:1)
  2 goblins (D:2)
  2 hobgoblins
  7 kobolds
  3 quokkas (D:2)
  2 ball pythons (D:1)
  A frilled lizard (D:3)
  6 rats
42 creatures vanquished.

Notes
Turn   | Place    | Note
-------+----------+-------------------------------------------
     0 | D:1      | nshep25 the Minotaur Fighter began the quest for the Orb.
     0 | D:1      | Reached XP level 1. HP: 19/19 MP: 0/0
    29 | D:1      | Found Tovol's General Store.
   186 | D:1      | Found Liribriu's Magic Scroll Shop.
   219 | D:1      | Found a faded altar of an unknown god.
   373 | D:1      | Found Edeis's Magic Scroll Boutique.
   380 | D:1      | Reached XP level 2. HP: 27/27 MP: 1/1
   744 | D:2      | Reached XP level 3. HP: 33/33 MP: 2/2
  1634 | D:3      | Noticed Terence
  1641 | D:3      | Killed Terence
  1642 | D:3      | Reached XP level 4. HP: 28/41 MP: 3/3
  1663 | D:3      | Noticed Grinder
  1666 | D:3      | Paralysed by Grinder for 2 turns
  1679 | D:3      | Paralysed by Grinder for 5 turns
  1706 | D:3      | Paralysed by Grinder for 5 turns
  1712 | D:3      | Slain by Grinder

Illustrated notes

Levels and vault maps discovered:
D:1:      dpeg_arrival_fog, layout_basic, serial_shops, shop, shop,
          nicolae_diamond_shop, basic_ecumenical_altar, serial_bayou_lake_a
D:2:      layout_basic, minmay_misc_feat_four_crosses, roderic_lattice_a
D:3:      layout_basic, cheibrodos_sewer_entry_bend, minivault_14,
          corexii_hall_statues_deadend, grunt_ministairs_6, uniq_terence,
          uniq_crazy_yiuf_cottage, uniq_grinder

Skill      XL: |  1  2  3  4 |
---------------+-------------+-----
Fighting       | 4 |  4.5
Armour         | 4 |  4.3
Shields        | 4 |  4.1
Axes           | 3 4 |  4.1

Action                   |  1- 3 |  4- 6 || total
-------------------------+-------+-------++-------
Melee: War axe           |    61 |    14 ||    75
       Headbutt          |     7 |     2 ||     9
Armor: Scale mail        |    20 |     2 ||    22
Dodge: Dodged            |    40 |    17 ||    57
Block: Buckler           |    15 |     7 ||    22
